 Dungeon Crawl Stone Soup version 0.31-a0-37-g98a128e1d9 (webtiles) character file.

Game seed: 3419106664853744861

1789 pk666 the Magician (level 8, -4/41 HPs)
             Began as a Deep Elf Fire Elementalist on May 15, 2023.
             Engulfed by a steam dragon's steam (14 damage)
             ... on level 7 of the Dungeon.
             The game lasted 00:14:15 (7511 turns).

pk666 the Magician (Deep Elf Fire Elementalist)     Turns: 7511, Time: 00:14:16

Health: -4/41      AC:  2    Str:  5    XL:     8   Next: 82%
Magic:  16/21      EV: 35    Int: 23    God:
Gold:   142        SH:  0    Dex: 15    Spells: 13/21 levels left

rFire   . . .        r - +2 dagger (venom)
rCold   . . .        (no shield)
rNeg    . . .        a - +0 robe
rPois   .            (no helmet)
rElec   .            (no cloak)
rCorr   .            (no gloves)
SInv    .            (no boots)
Will    +....        i - amulet of the acrobat
Stlth   ++           d - +5 ring of evasion
HPRegen 0.26/turn    n - ring of willpower
MPRegen 0.17/turn

%: acrobat
@: acrobatic
A: no striking features
a: no special abilities


You were on level 7 of the Dungeon.
You visited 2 branches of the dungeon, and saw 8 of its levels.

You collected 352 gold pieces.
You spent 210 gold pieces at shops.

Inventory:

Hand Weapons
 r - a +2 dagger of venom (weapon)
Armour
 a - a +0 robe (worn)
 l - a scarf of harm
Jewellery
 d - a +5 ring of evasion (left hand)
 i - an amulet of the acrobat (around neck)
 n - a ring of willpower (right hand)
Wands
 w - a wand of acid (7)
Scrolls
 c - 2 scrolls of fear {unknown}
 e - 3 scrolls of magic mapping {unknown}
 f - a scroll of noise {unknown}
 g - 2 scrolls of vulnerability {unknown}
 h - 7 scrolls of teleportation {unknown}
 o - 3 scrolls of torment {unknown}
 q - 2 scrolls of amnesia
 s - a scroll of brand weapon {unknown}
 y - 2 scrolls of blinking {unknown}
 z - a scroll of fog {unknown}
 A - a scroll of immolation {unknown}
 B - a scroll of silence {unknown}
 C - 2 scrolls of enchant armour {unknown}
 D - 4 scrolls of identify {unknown}
Potions
 b - a potion of magic
 j - 3 potions of flight
 k - 4 potions of curing
 m - a potion of brilliance {unknown}
 p - 5 potions of heal wounds
 t - 3 potions of might {unknown}
 u - a potion of degeneration {unknown}
 v - a potion of attraction {unknown}
 x - a potion of haste {unknown}
 E - a potion of invisibility {unknown}


   Skills:
 + Level 6.7 Dodging
 - Level 2.4 Stealth
 + Level 7.3 Spellcasting
 - Level 5.2 Conjurations
 + Level 5.7 Necromancy
 - Level 4.7 Fire Magic
 + Level 4.4 Earth Magic


You had 13 spell levels left.
You knew the following spells:

 Your Spells              Type           Power      Damage    Failure   Level
a - Foxfire               Conj/Fire      100%       2x1d9     1%          1
b - Scorch                Fire           60%        2d8       1%          2
c - Borgnjor's Vile Clut  Necr/Erth      15%        N/A       26%         5

Your spell library contained the following spells:

 Spells                   Type           Power      Damage    Failure   Level
 Animate Dead             Necr           35%        N/A       7%          4
 Inner Flame              Hex/Fire       19%        N/A       9%          3
 Volatile Blastmotes      Fire/Tloc      38%        2d13      9%          3
 Flame Wave               Conj/Fire      31%        2d9       10%         4
 Death Channel            Necr           17%        N/A       71%         6


Dungeon Overview and Level Annotations

Branches:
Dungeon (7/15)             Temple (1/1) D:5

Altars:
Ashenzari
Cheibriados
Dithmenos
Elyvilon
Fedhas
Gozag
Hepliaklqana
Kikubaaqudgha
Makhleb
Nemelex Xobeh
Okawaru
Ru
Sif Muna
Trog
Uskayaw
Wu Jian
Yredelemnul
Zin
The Shining One

Shops:
D:6 *   D:7 *

Annotations:
D:2 1 runed translucent door, Crazy Yiuf


Message History

The steam dragon is lightly wounded.
A sky beast appears from thin air!
Reactivating autopickup.
The steam dragon breathes steam at you. The ball of steam hits you!
The bullfrog is engulfed in a cloud of scalding steam.
The sky beast is engulfed in a cloud of scalding steam.
The bullfrog attacks as you move away! The bullfrog barely misses you.
There is an open door here.
The bullfrog completely misses you.
The sky beast flickers out of sight!
Deactivating autopickup; reactivate with Ctrl-A.
Casting: Foxfire (safe; 1% risk of failure)
Confirm with . or Enter, or press ? or * to list all spells.
Okay, then.
Casting: Foxfire (safe; 1% risk of failure)
Confirm with . or Enter, or press ? or * to list all spells.
The spell is extremely dangerous to miscast (26% risk of failure)!
Continue anyway?
Aiming: Borgnjor's Vile Clutch (extremely dangerous; 26% risk of failure)
Press: ? - help, Shift-Dir - straight line, f - bullfrog
Aim: a bullfrog (lightly wounded, 100% to hit)
Zombie hands grab the bullfrog.
Zombie hands grab the steam dragon.
The zombie hands constrict the bullfrog!
The zombie hands constrict the steam dragon!
The bullfrog completely misses you.
The steam dragon struggles to escape constriction.
The zombie hands constrict the bullfrog!
You kill the bullfrog!
The zombie hands constrict the steam dragon.
The steam dragon breathes steam at you. The ball of steam misses you.
The zombie hands lose their grip on something.
You hear an angry hiss.
There is an open door here.
There is an open door here.
The steam dragon breathes steam at you. The ball of steam hits you!!
* * * LOW HITPOINT WARNING * * *
You close the door.
You are engulfed in a cloud of scalding steam.
You die...

.### #.........#
#...###......
....#+###.........#
#..## ##..###
.........###...####
#### #.##.<.
.........###...#
#.#.#..
......D.§§D'...#
#.#.###
.........###...#
#.#.#.' .........#
#...# #...#.#
.........#
#..§################.#
.........#
#(..+@.........#####'#
.$########
#...########..........
.. ##### #........). .
#.......... .
#........>.
#..........
#..........
###########


There were no monsters in sight!

Vanquished Creatures
  Sigmund (D:3)
  A steam dragon (D:6)
  3 ice beasts (D:6)
  A black bear (D:5)
  2 ogres
  A phantom (D:4)
  A bullfrog (D:7)
  5 scorpions
  A howler monkey (D:4)
  A hound (D:5)
  2 orc priests (D:3)
  3 jellies
  2 sleepcaps
  Jessica (D:2)
  4 iguanas
  2 orc wizards (D:5)
  3 adders
  A white imp (D:6)
  An ufetubus (D:5)
  2 worms
  8 orcs
  5 endoplasms
  2 giant cockroaches
  11 hobgoblins
  9 kobolds
  A quokka (D:1)
  8 ball pythons
  5 bats
  4 frilled lizards
  10 goblins
  4 rats
105 creatures vanquished.

Vanquished Creatures (others)
  312 foxfires
312 creatures vanquished.

Grand Total: 417 creatures vanquished

Notes
Turn   | Place    | Note
-------+----------+-------------------------------------------
     0 | D:1      | pk666 the Deep Elf Fire Elementalist began the quest for
                  | the Orb.
     0 | D:1      | Reached XP level 1. HP: 10/10 MP: 6/6
   242 | D:1      | Reached XP level 2. HP: 15/15 MP: 6/8
   658 | D:1      | Learned a level 2 spell: Scorch
  1213 | D:1      | Found a faded altar of an unknown god.
  1291 | D:1      | Reached XP level 3. HP: 19/19 MP: 7/10
  2495 | D:2      | Found a runed translucent door.
  2496 | D:2      | Noticed Crazy Yiuf
  2611 | D:2      | Noticed Jessica
  2617 | D:2      | Killed Jessica
  2618 | D:2      | Reached skill level 1 in Necromancy
  2618 | D:2      | Reached XP level 4. HP: 24/24 MP: 7/11
  3020 | D:3      | Reached skill level 4 in Spellcasting
  3543 | D:3      | Reached XP level 5. HP: 28/28 MP: 0/13
  3753 | D:3      | Noticed Sigmund
  3765 | D:3      | Killed Sigmund
  3766 | D:3      | Reached XP level 6. HP: 32/32 MP: 7/15
  4322 | D:4      | Reached skill level 5 in Spellcasting
  4456 | D:4      | Reached skill level 1 in Earth Magic
  4570 | D:4      | Reached XP level 7. HP: 36/36 MP: 9/16
  4996 | D:4      | Reached skill level 5 in Dodging
  5200 | D:5      | Entered Level 5 of the Dungeon
  5341 | D:5      | Found an ancient bone altar of Kikubaaqudgha.
  5496 | D:5      | Found a staircase to the Ecumenical Temple.
  5515 | Temple   | Entered the Ecumenical Temple
  5515 | Temple   | Noticed a Tzitzimitl
  5515 | Temple   | Noticed a hell beast
  5515 | Temple   | Noticed a sixfirhy
  5515 | Temple   | Noticed a hellwing
  5516 | Temple   | Noticed an Executioner
  5516 | Temple   | Noticed Acoev the pandemonium lord
  5516 | Temple   | Noticed Pejyam the pandemonium lord
  5517 | Temple   | Noticed a red devil
  5517 | Temple   | Noticed a neqoxec
  5517 | Temple   | Noticed a reaper
  5517 | Temple   | Noticed a cacodemon
  5544 | Temple   | Noticed an Executioner
  5545 | Temple   | Noticed a red devil
  5545 | Temple   | Noticed Nuuddere the pandemonium lord
  5545 | Temple   | Noticed a rust devil
  5564 | Temple   | Noticed Usicip Dove the pandemonium lord
  5565 | Temple   | Noticed a hellwing
  5576 | Temple   | Noticed a hellwing
  5577 | Temple   | Noticed Cyewae the pandemonium lord
  5592 | Temple   | Noticed a chaos spawn
  5593 | Temple   | Noticed Ihosav the pandemonium lord
  5593 | Temple   | Noticed a ynoxinul
  5788 | D:5      | Reached skill level 6 in Spellcasting
  5938 | D:5      | Found a sacrificial altar of Ru.
  5955 | D:5      | Reached XP level 8. HP: 41/41 MP: 13/19
  6346 | D:6      | Found a shimmering blue altar of Sif Muna.
  6570 | D:6      | Reached skill level 5 in Conjurations
  6570 | D:6      | Reached skill level 5 in Necromancy
  6763 | D:6      | Found Baggeph's General Store.
  6768 | D:6      | Bought a potion of flight for 42 gold pieces
  6768 | D:6      | Bought a potion of curing for 42 gold pieces
  6768 | D:6      | Bought a potion of heal wounds for 70 gold pieces
  6768 | D:6      | Bought a scroll of amnesia for 56 gold pieces
  6828 | D:6      | Learned a level 5 spell: Borgnjor's Vile Clutch
  6853 | D:6      | Found a hide-covered altar of Uskayaw.
  6889 | D:6      | Identified the +0 helmet of the Pleiades {rCorr Int+3}
  7138 | D:6      | Reached skill level 7 in Spellcasting
  7237 | D:7      | Found Guef's Neck Hole.
  7511 | D:7      | Engulfed by a steam dragon's steam

Illustrated notes

Levels and vault maps discovered:
D:1:      dpeg_arrival_boxes_within_box, layout_loops_corners,
          hellmonk_ecumenical_altar_leap_of_faith, minmay_misc_feat_square,
          nicolae_concentric_dashed_squares_mild
D:2:      layout_basic, uniq_jessica, uniq_crazy_yiuf_cottage
D:3:      layout_basic, uniq_sigmund
D:4:      layout_loops_cross
D:5:      layout_rooms, nicolae_ru_great_annihilating_truth,
          mainiacjoe_overflow_tiny_flanked, minmay_temple_entry_steel_oval
D:6:      layout_loops_ring, mainiacjoe_overflow_catwalk_spiral, serial_shops,
          nicolae_shop_just_a_little_nook
D:7:      layout_basic, nicolae_ossuary_entry_ruins,
          nicolae_shop_sticking_my_neck_out
Temple:   nicolae_temple_panitentiary

Skill      XL: |  1  2  3  4  5  6  7  8 |
---------------+-------------------------+-----
Dodging        | 3 4 5 6 |  6.7
Conjurations   | 2 3 4 5 |  5.2
Necromancy     | 1 2 3 4 5 |  5.7
Spellcasting   | 4 5 6 7 |  7.3
Fire Magic     | 4 |  4.7
Earth Magic    | 1 2 4 |  4.4
Stealth        | |  2.4

Action                     |  1- 3 |  4- 6 |  7- 9 || total
---------------------------+-------+-------+-------++-------
  Melee: Unarmed           |     1 |       |       ||     1
   Cast: Foxfire           |    81 |    48 |    66 ||   195
         Scorch            |     7 |    33 |    42 ||    82
         Borgnjor's Vile C |       |       |     1 ||     1
 Armour: Robe              |     1 |       |       ||     1
  Dodge: Dodged            |    10 |     8 |    18 ||    36

Table legend: (Time is in decaauts)
 A = Elapsed time spent in this place.
 B = Non-inter-level travel time spent in this place.
 C = Inter-level travel time spent in this place.
 D = Time resting spent in this place.
 E = Time spent auto-exploring this place.
 F = Levels seen in this place.
 G = Mean time per level.
                   A        B        C        D        E       F      G
               +--------+--------+--------+--------+--------+-----+--------+
         Total |   7508 |   7294 |    214 |   1284 |   4991 |   8 |  938.5 |
       Dungeon |   7387 |   7192 |    195 |   1284 |   4900 |   7 | 1055.3 |
        Temple |    121 |    102 |     19 |      0 |     91 |   1 |  121.0 |
               +--------+--------+--------+--------+--------+-----+--------+

Top non-repeatable levels by time:
     D:1: 1649 daAuts
     D:2: 1344 daAuts
     D:3: 1218 daAuts
     D:4: 1035 daAuts
     D:6: 952 daAuts
     D:5: 899 daAuts
     D:7: 286 daAuts
  Temple: 121 daAuts
